 Dungeon Crawl Stone Soup version 0.30.0-15-g856e2d3f33 (webtiles) character file.

Game seed: 8444782838759022829

6456 qw the Cleaver (level 10, -3/65 HPs)
             Began as a Gargoyle Fighter on May 20, 2023.
             Was a Follower of Okawaru.
             Slain by a centaur warrior
             ... wielding a staff of conjuration
              (7 damage)
             ... on level 8 of the Dungeon.
             The game lasted 00:04:09 (8437 turns).

qw the Cleaver (Gargoyle Fighter)                   Turns: 8437, Time: 00:04:10

Health: -3/65      AC: 23    Str: 26    XL:     10   Next: 99%
Magic:  11/13      EV: 16    Int: 13    God:    Okawaru [*.....]
Gold:   362        SH:  6    Dex: 10    Spells: 9/9 levels left

rFire   . . .        Y - +1 war axe (heavy)
rCold   + . .        c - +0 buckler
rNeg    + . .        j - +0 chain mail
rPois   inf          r - +0 helmet
rElec   +            (no cloak)
rCorr   .            (no gloves)
SInv    +            b - +1 pair of boots
Will    .....        (no amulet) Stlth
                     k - ring "Koab" {rC+ Str+2 Int+6 Dex-3 SInv}
HPRegen 0.30/turn    s - +5 ring of evasion
MPRegen 0.13/turn

%: no passive effects
@: heroic
A: sickness immunity, AC +7, negative energy resistance 1, electricity
resistance, torment resistance 1, petrification resistance, agile 1, mutation
resistance 1
a: Renounce Religion, Heroism


You were on level 8 of the Dungeon.
You worshipped Okawaru.
Okawaru was aware of your devotion.
You visited 2 branches of the dungeon, and saw 9 of its levels.

You collected 410 gold pieces.
You spent 48 gold pieces at shops.


Innate Abilities, Weirdness & Mutations

You are immune to sickness and miasma.
Your stone body is resilient. (AC +7)
You are immune to poison.
You resist negative energy. (rN+)
You are resistant to electric shocks. (rElec)
You are resistant to unholy torment.
You are immune to petrification.
You are agile. (Dex +4, Str/Int -1)
You are somewhat resistant to further mutation.


   Skills:
 + Level 8.8(13.8) Fighting
 - Level 11.1(16.1) Axes
 - Level 6.5(11.5) Armour
 - Level 2.1(7.1) Dodging
 - Level 5.6(10.6) Shields
 - Level 4.2 Invocations


You had 9 spell levels left.
You didn't know any spells.
Your spell library was empty.

Inventory:

Hand Weapons
 o - a +0 morningstar
 Y - a +1 heavy war axe (weapon)
Armour
 b - a +1 pair of boots (worn)
 c - a +0 buckler (worn)
 g - a +0 plate armour
 j - a +0 chain mail (worn)
 r - a +0 helmet (worn)
Jewellery
 k - the ring "Koab" (left hand) {rC+ Str+2 Int+6 Dex-3 SInv}
   (You found it on level 2 of the Dungeon)

   [ring of intelligence]

   Str:       It affects your strength (+2).
   Int:       It affects your intelligence (+6).
   Dex:       It affects your dexterity (-3).
   rC:        It protects you from cold.
   SInv:      It lets you see invisible.
 s - a +5 ring of evasion (right hand)
Scrolls
 a - 5 scrolls of identify
Potions
 d - 3 potions of might
 e - a potion of lignification
 f - a potion of resistance
 l - a potion of haste
 m - a potion of attraction
 n - a potion of curing
 p - 3 potions of mutation

Dungeon Overview and Level Annotations

Branches:
Dungeon (8/15)             Temple (1/1) D:6
   Lair: D:8-11

Altars:
Ashenzari
Cheibriados
Elyvilon
Fedhas
Gozag
Hepliaklqana
Kikubaaqudgha
Makhleb
Nemelex Xobeh
Okawaru
Qazlal
Ru
Sif Muna
Trog
Uskayaw
Vehumet
Xom
Yredelemnul
Zin
The Shining One

Shops:
D:2 ([

Annotations:
D:5 1 runed translucent door, qw's ghost, novice GrCA


Message History

You start resting.
You feel like a meek peon again.
A centaur warrior is nearby!
The centaur warrior shouts!
You hear a shout!
The centaur warrior shoots an arrow.
The arrow hits you!
Items here: ! % ) / ? |.
8432 ||| INVOKING Heroism.
You gain the combat prowess of a mighty hero.
The centaur warrior shoots an arrow.
The arrow hits you!
A centaur warrior comes into view. It is wielding a staff of conjuration.
The centaur warrior shoots an arrow.
The arrow hits you!
You see here a bullfrog skeleton.
The centaur warrior wields a +0 shortbow.
The centaur warrior shoots an arrow.
The arrow hits you!
Things that are here:
a +0 whip; a +2 chain mail of poison resistance; an orc skeleton A slime creature comes into view.
The slime creature quivers.
The centaur warrior unwields a +1 heavy shortbow.
The centaur warrior wields the staff of poison "Ocoaq" {rPois rC+ Str-3 SInv}.
You block the centaur warrior's attack.
The centaur warrior kicks you but does no damage.
Items here: % ( )).
You slash the centaur warrior!
The centaur warrior is lightly wounded.
You slash the centaur warrior!
The centaur warrior unwields a +0 shortbow.
The centaur warrior wields a staff of conjuration.
The centaur warrior barely misses you.
The centaur warrior kicks you but does no damage.
The centaur warrior drinks a potion.
The centaur warrior seems to grow stronger.
The centaur warrior misses you. You block the centaur warrior's attack.
You chop the centaur warrior into pieces!!!
The centaur warrior is almost dead.
You hit the centaur warrior.
The centaur warrior hits you with the staff of poison "Ocoaq" {rPois rC+ Str-3 SInv}.
The centaur warrior kicks you but does no damage.
The centaur warrior hits you with a staff of conjuration!
You die...

..... #.. .... #####.. .
#.#.. # #. #...'..
#..##.#)###.###..##..#### c
##........)........c..#
..#.......(|#.......##..#
......##.%#....... #.c#
.#####'#####.)#............
..........##.@######..##.>..
#..))).##cc###.#### #..#F.
#..).%.+..%....... .......
##..)..##......... ..###..
##...%.##......... .## #.
#.........J......D
#......##...)...##
#......##...:####
#..>...)....##


You could see a slime creature and 2 centaur warriors.

Vanquished Creatures
  2 centaur warriors (D:8)
  A cyclops (D:8)
  A manticore (D:8)
  An unseen horror (D:8)
  Prince Ribbit (D:6)
  A wyvern (D:7)
  2 steam dragons
  2 water moccasins
  2 ice beasts
  3 sky beasts (D:7)
  A black bear (D:8)
  3 orc warriors (D:8)
  An ogre (D:4)
  3 centaurs
  2 kobold brigands
  3 bullfrogs (D:8)
  A scorpion (D:4)
  9 wights
  4 howler monkeys
  2 jellies
  6 crimson imps (D:7)
  6 hounds
  2 gnoll boudas
  4 orc priests
  5 iguanas
  A sleepcap (D:7)
  6 orc wizards
  12 gnolls
  3 adders
  A shadow imp (D:7)
  4 white imps (D:7)
  2 worms
  4 dart slugs
  30 orcs
  5 ball pythons
  5 bats
  6 endoplasms
  A giant cockroach (D:4)
  7 goblins
  9 hobgoblins
  10 jackals
  3 quokkas
  6 frilled lizards
  35 kobolds
  5 rats
223 creatures vanquished.

Notes
Turn   | Place    | Note
-------+----------+-------------------------------------------
     0 | D:1      | qw the Gargoyle Fighter began the quest for the Orb.
     0 | D:1      | Reached XP level 1. HP: 14/14 MP: 1/1
     0 | D:1      | 0 ||| qw: Version: 0.2-a-97-g499787f
     0 | D:1      | 0 ||| qw: Game counter: 47
     0 | D:1      | 0 ||| qw: Always use a shield: true
     0 | D:1      | 0 ||| qw: God list: Okawaru
     0 | D:1      | 0 ||| qw: Allow faded altars: false
     0 | D:1      | 0 ||| qw: Do Orc after D:15 true
     0 | D:1      | 0 ||| qw: Do second Lair branch before Depths: true
     0 | D:1      | 0 ||| qw: Lair rune preference: random
     0 | D:1      | 0 ||| qw: Plans: Normal, Zot:1-4, God:TSO, Crypt, Tomb,
                  | Pan, Slime:5, Hells, Abyss, Win
     0 | D:1      | 0 ||| PLANNING D:1-11
    52 | D:1      | 52 ||| Stepping ~*~*~tactically~*~*~ (hiding).
    60 | D:1      | Reached skill level 2 in Axes
   236 | D:1      | 236 ||| Stepping ~*~*~tactically~*~*~ (stealth).
   239 | D:1      | Reached XP level 2. HP: 19/19 MP: 2/2
   269 | D:1      | 269 ||| Stepping ~*~*~tactically~*~*~ (stealth).
   376 | D:1      | Reached skill level 3 in Axes
   532 | D:1      | Found a faded altar of an unknown god.
   537 | D:1      | Reached XP level 3. HP: 16/23 MP: 3/3
   566 | D:1      | 566 ||| DROPPING +0 club.
   838 | D:1      | 838 ||| Stepping ~*~*~tactically~*~*~ (stealth).
  1032 | D:1      | 1032 ||| Stepping ~*~*~tactically~*~*~ (stealth).
  1033 | D:1      | 1033 ||| READING 2 scrolls labelled ENYCOKK ISHIU.
  1034 | D:1      | 1034 ||| READING 2 scrolls labelled TANIAPT YLYDUN.
  1048 | D:1      | 1048 ||| Stepping ~*~*~tactically~*~*~ (stealth).
  1149 | D:1      | 1149 ||| READING scroll labelled CEIPPA VYPIEKOA.
  1150 | D:1      | 1150 ||| DROPPING scroll of silence.
  1185 | D:2      | Found Burojoda's Armour Shoppe.
  1196 | D:2      | 1196 ||| SHOPLISTING +3 ring mail of fire resistance (364
                  | gold, have 48).
  1273 | D:2      | 1273 ||| DROPPING +0 whip.
  1344 | D:2      | Identified the ring "Koab" {rC+ Str+2 Int+6 Dex-3 SInv}
  1477 | D:2      | Found Hufelus's Weapon Shop.
  1486 | D:2      | 1486 ||| BUYING +0 morningstar (48 gold).
  1486 | D:2      | Bought a +0 morningstar for 48 gold pieces
  1486 | D:2      | 1486 ||| DROPPING +0 flail.
  1518 | D:2      | 1518 ||| Stepping ~*~*~tactically~*~*~ (stealth).
  1535 | D:2      | 1535 ||| Stepping ~*~*~tactically~*~*~ (stealth).
  1610 | D:2      | 1610 ||| Stepping ~*~*~tactically~*~*~ (stealth).
  1727 | D:2      | 1727 ||| UPGRADING to ring "Koab" {rC+ Str+2 Int+6 Dex-3
                  | SInv}.
  1728 | D:2      | 1728 ||| READING scroll labelled FOPUAL SE PUCLO.
  1729 | D:2      | 1729 ||| READING scroll labelled KEACWOIJOA.
  1730 | D:2      | 1730 ||| READING scroll labelled ROADUO MAHO.
  1731 | D:2      | 1731 ||| READING scroll labelled BUUCWA QEER.
  1735 | D:2      | 1735 ||| DRINKING 2 viscous yellow potions.
  1736 | D:2      | 1736 ||| DRINKING 2 bubbling inky potions.
  1736 | D:2      | Gained mutation: You are agile. (Dex +4, Str/Int -1)
                  | [potion of mutation]
  1736 | D:2      | Gained mutation: You are somewhat resistant to further
                  | mutation. [potion of mutation]
  1737 | D:2      | 1737 ||| READING 3 scrolls of identify.
  1737 | D:2      | 1737 ||| IDENTIFYING metallic white potion
  1738 | D:2      | 1738 ||| READING 2 scrolls of identify.
  1738 | D:2      | 1738 ||| IDENTIFYING grey potion
  1739 | D:2      | 1739 ||| DROPPING potion of flight.
  1746 | D:3      | 1746 ||| Stepping ~*~*~tactically~*~*~ (stealth).
  1756 | D:3      | Reached XP level 4. HP: 25/28 MP: 4/4
  1788 | D:3      | 1788 ||| Stepping ~*~*~tactically~*~*~ (stealth).
  1835 | D:3      | Reached skill level 4 in Axes
  1941 | D:3      | 1941 ||| Stepping ~*~*~tactically~*~*~ (hiding).
  2607 | D:3      | 2607 ||| Stepping ~*~*~tactically~*~*~ (hiding).
  2622 | D:3      | 2622 ||| Stepping ~*~*~tactically~*~*~ (hiding).
  2625 | D:3      | 2625 ||| Stepping ~*~*~tactically~*~*~ (hiding).
  2630 | D:3      | 2630 ||| Stepping ~*~*~tactically~*~*~ (hiding).
  2705 | D:3      | 2705 ||| UPGRADING to +0 chain mail.
  2715 | D:3      | 2715 ||| DROPPING +0 scale mail.
  2887 | D:4      | Noticed an ogre
  2888 | D:4      | 2888 ||| Stepping ~*~*~tactically~*~*~ (stealth).
  2892 | D:4      | HP: 3/28 [ogre/+0 giant spiked club (11)]
  2893 | D:4      | 2893 ||| READING scroll of teleportation.
  2896 | D:4      | Killed an ogre
  2897 | D:4      | Reached skill level 5 in Axes
  2897 | D:4      | Reached XP level 5. HP: 5/32 MP: 5/5
  3012 | D:4      | Reached XP level 6. HP: 33/38 MP: 6/6
  3169 | D:4      | 3169 ||| Stepping ~*~*~tactically~*~*~ (hiding).
  3224 | D:4      | Reached skill level 1 in Dodging
  3303 | D:4      | 3303 ||| Stepping ~*~*~tactically~*~*~ (stealth).
  3601 | D:4      | Reached skill level 6 in Axes
  3601 | D:4      | Reached XP level 7. HP: 32/43 MP: 7/7
  3723 | D:4      | 3723 ||| Stepping ~*~*~tactically~*~*~ (hiding).
  3918 | D:4      | 3918 ||| READING scroll labelled OTATEUZEAPP.
  3967 | D:5      | Entered Level 5 of the Dungeon
  3986 | D:5      | HP: 8/43 [gnoll/+0 whip[a gnoll bouda] (3)]
  3994 | D:5      | HP: 9/43 [gnoll/+0 club[a gnoll bouda] (1)]
  4200 | D:5      | 4200 ||| Stepping ~*~*~tactically~*~*~ (hiding).
  4202 | D:5      | 4202 ||| Stepping ~*~*~tactically~*~*~ (hiding).
  4495 | D:5      | Found a runed translucent door.
  4496 | D:5      | Noticed qw's ghost (novice GrCA)
  4501 | D:5      | 4501 ||| Stepping ~*~*~tactically~*~*~ (stealth).
  4502 | D:5      | 4502 ||| Stepping ~*~*~tactically~*~*~ (stealth).
  4506 | D:5      | 4506 ||| Stepping ~*~*~tactically~*~*~ (stealth).
  4522 | D:5      | Reached skill level 7 in Axes
  4539 | D:5      | Identified the +8 long sword of the Shrinking Gods {flame,
                  | rElec rC+ Dex+2 Stlth+}
  4540 | D:5      | 4540 ||| Stepping ~*~*~tactically~*~*~ (stealth).
  4555 | D:5      | Reached XP level 8. HP: 34/49 MP: 8/8
  4896 | D:5      | 4896 ||| Stepping ~*~*~tactically~*~*~ (stealth).
  5105 | D:6      | 5105 ||| STAIRDANCE
  5198 | D:6      | 5198 ||| Stepping ~*~*~tactically~*~*~ (stealth).
  5200 | D:6      | 5200 ||| Stepping ~*~*~tactically~*~*~ (hiding).
  5228 | D:6      | 5228 ||| Stepping ~*~*~tactically~*~*~ (stealth).
  5229 | D:6      | 5229 ||| Stepping ~*~*~tactically~*~*~ (stealth).
  5243 | D:6      | Reached skill level 8 in Axes
  5332 | D:6      | 5332 ||| Stepping ~*~*~tactically~*~*~ (stealth).
  5342 | D:6      | Reached skill level 6 in Fighting
  5357 | D:6      | 5357 ||| SWAPPING to +1 heavy war axe.
  5358 | D:6      | 5358 ||| DROPPING +0 war axe.
  5399 | D:6      | Found a staircase to the Ecumenical Temple.
  5400 | D:6      | 5400 ||| PLANNING TEMPLE
  5400 | D:6      | 5400 ||| READING scroll labelled GEYLLABLOTT.
  5408 | Temple   | Entered the Ecumenical Temple
  5610 | Temple   | 5610 ||| PLANNING OKAWARU WORSHIP
  5743 | Temple   | Became a worshipper of Warmaster Okawaru
  5743 | Temple   | 5743 ||| PLANNING D:1-11
  6151 | D:6      | Noticed Prince Ribbit
  6179 | D:6      | HP: 12/51 [Prince Ribbit (11)]
  6184 | D:6      | Killed Prince Ribbit
  6185 | D:6      | Reached skill level 9 in Axes
  6185 | D:6      | Reached XP level 9. HP: 15/55 MP: 9/9
  6616 | D:6      | 6616 ||| UPGRADING to +1 pair of boots.
  6621 | D:6      | 6621 ||| DRINKING 2 green potions.
  6682 | D:7      | 6682 ||| Stepping ~*~*~tactically~*~*~ (hiding).
  6683 | D:7      | 6683 ||| Stepping ~*~*~tactically~*~*~ (hiding).
  6688 | D:7      | Reached * piety under Okawaru
  6794 | D:7      | Reached skill level 1 in Invocations
  6929 | D:7      | 6929 ||| INVOKING Heroism.
  6960 | D:7      | Reached skill level 3 in Invocations
  6969 | D:7      | 6969 ||| INVOKING Heroism.
  7207 | D:7      | You fall into a shaft and drop 1 floor!
  7236 | D:8      | 7236 ||| UPGRADING to +0 helmet.
  7241 | D:8      | 7241 ||| UPGRADING to +5 ring of evasion.
  7242 | D:8      | 7242 ||| DROPPING ring of flight.
  7243 | D:8      | 7243 ||| READING scroll labelled KAIX YNAREIV.
  7244 | D:8      | 7244 ||| READING scroll labelled RERULO WAEZUTS.
  7245 | D:8      | 7245 ||| DRINKING 2 smoky red potions.
  7246 | D:8      | 7246 ||| DRINKING 3 amethyst potions.
  7247 | D:8      | 7247 ||| READING 5 scrolls of identify.
  7247 | D:8      | 7247 ||| IDENTIFYING silvery potion
  7248 | D:8      | 7248 ||| READING 4 scrolls of identify.
  7248 | D:8      | 7248 ||| IDENTIFYING cyan potion
  7249 | D:8      | 7249 ||| READING 3 scrolls of identify.
  7249 | D:8      | 7249 ||| IDENTIFYING purple potion
  7250 | D:8      | 7250 ||| READING 2 scrolls of identify.
  7250 | D:8      | 7250 ||| IDENTIFYING smoky yellow potion
  7251 | D:8      | 7251 ||| DROPPING potion of ambrosia.
  7252 | D:8      | 7252 ||| DROPPING potion of degeneration.
  7253 | D:8      | 7253 ||| DROPPING potion of brilliance.
  7394 | D:7      | 7394 ||| INVOKING Heroism.
  7600 | D:8      | 7600 ||| INVOKING Heroism.
  7606 | D:8      | Reached skill level 10 in Axes
  7606 | D:8      | Reached XP level 10. HP: 63/63 MP: 10/13
  7631 | D:8      | 7631 ||| INVOKING Heroism.
  7659 | D:8      | 7659 ||| Stepping ~*~*~tactically~*~*~ (hiding).
  7671 | D:8      | 7671 ||| INVOKING Heroism.
  7730 | D:8      | 7730 ||| INVOKING Heroism.
  7751 | D:8      | Identified the staff of poison "Ocoaq" {rPois rC+ Str-3
                  | SInv}
  7751 | D:8      | Noticed a centaur warrior
  7753 | D:8      | Noticed a centaur warrior
  7755 | D:8      | 7755 ||| INVOKING Heroism.
  7755 | D:8      | HP: 12/64 [centaur warrior/arrow (11)]
  7756 | D:8      | 7756 ||| READING 2 scrolls of teleportation.
  7757 | D:8      | 7757 ||| DRINKING 2 potions of heal wounds.
  7955 | D:8      | Identified the staff of death "Lasur" {Fly rElec rN+ Will-}
  7955 | D:8      | Noticed a centaur warrior
  7959 | D:8      | HP: 14/64 [centaur warrior/arrow (13)]
  7960 | D:8      | 7960 ||| READING scroll of teleportation.
  7961 | D:8      | 7961 ||| DRINKING potion of heal wounds.
  7970 | D:8      | HP: 15/64 [black bear (2)]
  8103 | D:8      | 8103 ||| Stepping ~*~*~tactically~*~*~ (stealth).
  8112 | D:8      | 8112 ||| Stepping ~*~*~tactically~*~*~ (stealth).
  8115 | D:8      | 8115 ||| Stepping ~*~*~tactically~*~*~ (stealth).
  8133 | D:8      | Noticed an unseen horror
  8140 | D:8      | Killed an unseen horror
  8157 | D:8      | 8157 ||| Stepping ~*~*~tactically~*~*~ (stealth).
  8158 | D:8      | Noticed a cyclops
  8159 | D:8      | 8159 ||| INVOKING Heroism.
  8165 | D:8      | Killed a centaur warrior
  8166 | D:8      | HP: 13/64 [cyclops (24)]
  8167 | D:8      | Killed a cyclops
  8168 | D:8      | Reached skill level 11 in Axes
  8208 | D:8      | 8208 ||| INVOKING Heroism.
  8235 | D:8      | 8235 ||| INVOKING Heroism.
  8243 | D:8      | Killed a centaur warrior
  8243 | D:8      | Reached ** piety under Okawaru
  8244 | D:8      | Reached skill level 6 in Armour
  8268 | D:8      | Noticed a manticore
  8269 | D:8      | 8269 ||| INVOKING Heroism.
  8279 | D:8      | HP: 5/64 [manticore (16)]
  8282 | D:8      | Killed a manticore
  8332 | D:8      | 8332 ||| Stepping ~*~*~tactically~*~*~ (stealth).
  8344 | D:8      | 8344 ||| Stepping ~*~*~tactically~*~*~ (stealth).
  8356 | D:8      | 8356 ||| INVOKING Heroism.
  8373 | D:8      | 8373 ||| Stepping ~*~*~tactically~*~*~ (stealth).
  8376 | D:8      | 8376 ||| INVOKING Heroism.
  8432 | D:8      | 8432 ||| INVOKING Heroism.
  8432 | D:8      | Noticed a centaur warrior
  8433 | D:8      | HP: 12/65 [centaur warrior/arrow (16)]
  8434 | D:8      | HP: 5/65 [centaur warrior/arrow (7)]
  8437 | D:8      | Slain by a centaur warrior

Levels and vault maps discovered:
D:1:      psy_arrival_conway, layout_loops_ring,
          hellmonk_ecumenical_altar_prayer_group
D:2:      layout_rooms, serial_shops, nicolae_shop_statue_plus, shop,
          hex_medium, reono_crystal_passage
D:3:      layout_loops_ring, moated_statue, lexackson_kobold_supper
D:4:      kennysheep_kobold_camp, layout_cave_pools
D:5:      layout_basic, ebering_ghost_sewer_d
D:6:      layout_cave_pods, minmay_temple_entry_drinking_statues,
          uniq_prince_ribbit1
D:7:      layout_basic, minmay_nine_imps
D:8:      minmay_the_grid_triangle_9x9_recursive_2
          [minmay_the_grid_triangle_9x9_prize_insulated,
          minmay_the_grid_triangle_9x9_dagger,
          minmay_the_grid_triangle_9x9_steps,
          minmay_the_grid_triangle_9x9_sparse_checkered], layout_gridville,
          nicolae_dithmenos_shadow_blocks
Temple:   mainiacjoe_temple_cubbyholes

Skill      XL: |  1  2  3  4  5  6  7  8  9 10 |
---------------+-------------------------------+-----
Axes           | 2 3 5 6 7 9 10 11 | 11.1
Fighting       | 4 5 6 7 8 |  8.8
Dodging        | 1 2 |  2.1
Shields        | 4 5 |  5.6
Armour         | 5 6 |  6.5
Invocations    | 4 |  4.2

Action                     |  1- 3 |  4- 6 |  7- 9 | 10-12 || total
---------------------------+-------+-------+-------+-------++-------
  Melee: War axe           |   100 |   193 |   262 |    93 ||   648
  Throw: Boomerang         |    25 |    15 |       |       ||    40
 Invoke: Heroism           |       |       |     4 |    11 ||    15
    Use: Scroll            |     9 |     1 |     8 |     2 ||    20
         Potion            |     2 |       |     3 |     2 ||     7
 Armour: Scale mail        |    59 |    51 |       |       ||   110
         Chain mail        |       |    65 |   140 |    69 ||   274
  Dodge: Dodged            |    44 |    62 |   124 |    65 ||   295
  Block: Buckler           |    22 |    36 |    60 |    42 ||   160

Table legend:
 A = Non-vault XP
 B = Vault XP
 C = Vault XP percentage of total XP
 D = Non-vault monster count
 E = Vault monster count
 F = Vault count percentage of total count
                 A         B        C        D         E       F
            +---------+---------+-------+---------+---------+-------
      Total |    4656 |    4568 |  49.5 |     168 |      55 |  24.7
            +---------+---------+-------+---------+---------+-------
        D:1 |      42 |       5 |  10.6 |      22 |       3 |  12.0
        D:2 |      33 |       0 |   0.0 |      12 |       0 |   0.0
        D:3 |      67 |       9 |  11.8 |      21 |       8 |  27.6
        D:4 |     350 |     133 |  27.5 |      14 |      21 |  60.0
        D:5 |     719 |       0 |   0.0 |      26 |       0 |   0.0
        D:6 |     889 |     268 |  23.2 |      28 |       1 |   3.4
        D:7 |    1684 |     328 |  16.3 |      22 |       9 |  29.0
        D:8 |     872 |    3825 |  81.4 |      23 |      13 |  36.1
            +---------+---------+-------+---------+---------+-------
